 Dungeon Crawl Stone Soup version 0.31-a0-981-geadf994542 (webtiles) character file.

Game seed: 17597819655809564059

757 Malachi the Grappler (level 7, -1/43 HPs)
             Began as a Demonspawn Shapeshifter on Oct 20, 2023.
             Slain by a water moccasin (3 damage)
             ... on level 4 of the Dungeon on Oct 31, 2023.
             The game lasted 00:07:40 (3568 turns).

Malachi the Grappler (Demonspawn Shapeshifter)      Turns: 3568, Time: 00:07:42

Health: -1/43      AC:  3    Str: 16    XL:     7   Next: 50%
Magic:  7/7        EV:  9    Int: 14    God:
Gold:   281        SH:  0    Dex: 12    Spells: 6/6 levels left

rFire   . .          .
                       - Unarmed
rCold   . . .        (no shield)
rNeg    + . .        p - +0 scale mail
rPois   .            (helmet currently unavailable)
rElec   .            (cloak currently unavailable)
rCorr   .            (gloves currently unavailable)
SInv    .            (boots currently unavailable)
Will    .....        e - amulet of regeneration Stlth
                     q - ring of positive energy
HPRegen 3.07/turn    (no ring)
MPRegen 0.10/turn

%: no passive effects
@: lethally poisoned (-1 -> -2), beast-form
A: beast (slay +1), powered by death 2, spiny 1, big brain 1, deformed body,
frail 1, inability to drink after injury 1
a: Begin Untransformation


You were on level 4 of the Dungeon.
You were a hulking beast.
You visited 1 branch of the dungeon, and saw 4 of its levels.

You collected 281 gold pieces.

Inventory:

Hand Weapons
 n - the +8 hammer of Tinunk {vamp, Will+}
   (You found it on level 3 of the Dungeon)

   Will+:     It increases your willpower.
Missiles
 f - a curare-tipped dart
 i - a throwing net
 s - 20 poisoned darts
Armour
 m - a +1 cloak
 p - a +0 scale mail (worn)
Jewellery
 e - an amulet of regeneration (around neck)
 q - a ring of positive energy (left hand)
 t - a ring of ice
Talismans
 c - a beast talisman
 d - a flux talisman
Wands
 r - a wand of polymorph (9)
Scrolls
 a - a scroll of fear
 k - 2 scrolls of teleportation
 o - a scroll of enchant weapon
Potions
 b - a potion of lignification
 g - a potion of brilliance
 h - 2 potions of resistance
 l - a potion of curing {unknown}


   Skills:
 - Level 1.0 Fighting
 - Level 1.7 Dodging
 * Level 8.2 Unarmed Combat
 - Level 2.6 Shapeshifting


You had 6 spell levels left.
You didn't know any spells.
Your spell library contained the following spells:

 Spells                   Type           Power      Damage    Failure   Level
 Freeze                   Ice            0%         1d3       73%         1
 Shock                    Conj/Air       0%         1d3       73%         1
 Sting                    Tmut/Pois      0%         1d3       73%         1
 Poisonous Vapours        Pois/Air       0%         N/A       86%         2
 Frozen Ramparts          Ice            0%         1d1       97%         3
 Hailstorm                Conj/Ice       0%         3d3       97%         3
 Swiftness                Air            0%         N/A       97%         3
 Airstrike                Air            0%         2d(0-16)  100%        4
 Olgreb's Toxic Radiance  Pois           0%         N/A       100%        4


Dungeon Overview and Level Annotations

Branches:
Dungeon (4/15)
 Temple: D:4-7

Altars:
Makhleb
Ru
Xom

Shops:
D:2 *


Innate Abilities, Weirdness & Mutations

You are a hulking beast.
Your limbs bulge with bestial killing power. (Slay +1)
You regenerate health from kills.
You are partially covered in sharp spines.
You have an unusually large brain. (Int +2)
Armour fits poorly on your strangely shaped body.
You are frail. (-10% HP)
You occasionally lose the ability to drink potions when taking damage.


Message History

You hit the water moccasin.
The water moccasin is severely wounded.
You feel very sick.
A howler monkey comes into view.
The jackal bites you but does no damage.
The water moccasin is struck by your spines.
The water moccasin completely misses you.
You are too injured to fight recklessly!
You are too injured to fight recklessly!
Unknown command.
You feel very sick. The jackal is struck by your spines.
The jackal bites you but does no damage. x2
You closely miss the jackal.
The jackal is almost dead.
You feel very sick. The water moccasin bites you.
* * * LOW HITPOINT WARNING * * *
The jackal bites you but does no damage.
You hit the jackal but do no damage.
The jackal is almost dead.
You feel very sick. The water moccasin barely misses you.
The jackal bites you but does no damage.
The water moccasin is struck by your spines.
The water moccasin bites you but does no damage.
You hit the jackal.
You kill the jackal!
You feel very sick. The goblin hits you but does no damage.
The water moccasin bites you.
* * * LOW HITPOINT WARNING * * *
You are more poisoned.
The water moccasin poisons you!
It was a potion of mutation.
You feel extremely strange.
You occasionally lose the ability to drink potions when taking damage.
You feel frail.
Your body twists and deforms.
* * * LOW HITPOINT WARNING * * *
You feel very sick. The water moccasin bites you.
You die...

#....#.# #.####.#
#....#.# ##.####.###
#......# ###.#.#.#.#.#
#....#.####. .....!....
#.......... ##.#.#.#.#
.....#.##.# #........
#.#.#...#.####.#.#.#?#.#
.#....#........g†Sh.....
#.#.#..<#.#.##.#h#.#.#.
....##.##.#.............
#.........####.#.#.#.#.#
###.####### #........
#.# ##.#.#.#.# ...
......### .... #######
..# .#


You could see a water moccasin, a howler monkey and a goblin.

Vanquished Creatures
  5 kobold brigands (D:3)
  A scorpion (D:4)
  An orc priest (D:4)
  Crazy Yiuf (D:3)
  Natasha (twice) (D:4)
  An orc wizard (D:4)
  10 gnolls (D:3)
  2 adders
  A dart slug (D:1)
  6 orcs (D:4)
  6 endoplasms
  3 giant cockroaches
  13 hobgoblins
  3 jackals
  6 quokkas
  6 ball pythons
  4 bats
  6 frilled lizards
  5 goblins
  36 kobolds
  4 rats (D:1)
122 creatures vanquished.

Notes
Turn   | Place    | Note
-------+----------+-------------------------------------------
     0 | D:1      | Malachi the Demonspawn Shapeshifter began the quest for the
                  | Orb.
     0 | D:1      | Reached XP level 1. HP: 15/15 MP: 1/1
     3 | D:1      | Noticed an electric eel
     4 | D:1      | Noticed an electric eel
    92 | D:1      | Reached skill level 3 in Unarmed Combat
   174 | D:1      | Gained mutation: You are partially covered in sharp spines.
                  | [demonic ancestry]
   174 | D:1      | Reached XP level 2. HP: 21/21 MP: 2/2
   680 | D:1      | Reached XP level 3. HP: 23/26 MP: 3/3
  1227 | D:2      | Reached skill level 4 in Unarmed Combat
  1425 | D:2      | Found a shimmering altar of Xom.
  1679 | D:2      | Found Roidweal's Assorted Antiques.
  2155 | D:3      | Found a sacrificial altar of Ru.
  2215 | D:3      | Found a burning altar of Makhleb.
  2312 | D:3      | Found a runed translucent door.
  2313 | D:3      | Noticed Crazy Yiuf
  2399 | D:3      | Noticed a kobold brigand
  2432 | D:3      | Gained mutation: You have an unusually large brain. (Int
                  | +2) [demonic ancestry]
  2432 | D:3      | Reached XP level 4. HP: 21/32 MP: 4/4
  2443 | D:3      | Killed a kobold brigand
  2444 | D:3      | Reached skill level 5 in Unarmed Combat
  2444 | D:3      | Reached XP level 5. HP: 26/37 MP: 5/5
  2667 | D:3      | Reached skill level 6 in Unarmed Combat
  2667 | D:3      | Gained mutation: You regenerate a little health from kills.
                  | [demonic ancestry]
  2667 | D:3      | Reached XP level 6. HP: 17/43 MP: 6/6
  2713 | D:3      | Upgraded the game from 0.31-a0-934-gf4fcaacff8 to
                  | 0.31-a0-981-geadf994542
  2857 | D:3      | Reached skill level 7 in Unarmed Combat
  2875 | D:3      | Gained mutation: You regenerate health from kills. [demonic
                  | ancestry]
  2875 | D:3      | Reached XP level 7. HP: 39/48 MP: 7/7
  3162 | D:3      | Killed Crazy Yiuf
  3167 | D:3      | Identified the +8 hammer of Tinunk {vamp, Will+}
  3220 | D:4      | Noticed Natasha
  3227 | D:4      | Killed Natasha
  3259 | D:4      | Identified the +5 battleaxe of Subjectivity {freeze, rF++
                  | Stlth-}
  3511 | D:4      | Noticed Natasha
  3519 | D:4      | Reached skill level 8 in Unarmed Combat
  3521 | D:4      | Killed Natasha
  3568 | D:4      | Gained mutation: You occasionally lose the ability to drink
                  | potions when taking damage. [potion of mutation]
  3568 | D:4      | Gained mutation: You are frail. (-10% HP) [potion of
                  | mutation]
  3568 | D:4      | Gained mutation: Armour fits poorly on your strangely
                  | shaped body. [potion of mutation]
  3568 | D:4      | HP: 2/43 [poisoned by a water moccasin]
  3568 | D:4      | Slain by a water moccasin

Illustrated notes

Levels and vault maps discovered:
D:1:      arrival_aquarium_b, layout_basic, roderic_lattice_a,
          minmay_hexomino_u4
D:2:      layout_loops_cross, serial_shops, shop, basic_altar
D:3:      minmay_goblin_kobold_castle, layout_loops_ring,
          mainiacjoe_overflow_cross_hatched, marbit_many_paths,
          lightli_temple_of_fire, minivault_27, chequers_serial_rivers_micro_d,
          uniq_crazy_yiuf_cottage
D:4:      layout_loops_cross, gammafunk_temple_overflow_pools, st_stairs_11,
          minmay_crystal_room, small_statue_intersection, uniq_natasha

Skill      XL: |  1  2  3  4  5  6  7 |
---------------+----------------------+-----
Unarmed Combat | 3 4 5 6 7 8 |  8.2
Fighting       | |  1.0
Dodging        | |  1.7
Shapeshifting  | |  2.6

Action                     |  1- 3 |  4- 6 |  7- 9 || total
---------------------------+-------+-------+-------++-------
  Melee: Unarmed           |   108 |    92 |    56 ||   256
         Punch             |       |     3 |     3 ||     6
    Use: Scroll            |     4 |     6 |     1 ||    11
         Potion            |       |     2 |     1 ||     3
   Stab: Sleeping          |     1 |       |       ||     1
 Armour: Animal skin       |    31 |       |       ||    31
         Scale mail        |    15 |   104 |    44 ||   163
         Ring mail         |     3 |       |       ||     3
  Dodge: Dodged            |    40 |    46 |    22 ||   108

Table legend: (Time is in decaauts)
 A = Elapsed time spent in this place.
 B = Non-inter-level travel time spent in this place.
 C = Inter-level travel time spent in this place.
 D = Time resting spent in this place.
 E = Time spent auto-exploring this place.
 F = Levels seen in this place.
 G = Mean time per level.
                   A        B        C        D        E       F      G
               +--------+--------+--------+--------+--------+-----+--------+
         Total |   3550 |   3423 |    127 |    101 |   2468 |   4 |  887.5 |
       Dungeon |   3550 |   3423 |    127 |    101 |   2468 |   4 |  887.5 |
               +--------+--------+--------+--------+--------+-----+--------+

Top non-repeatable levels by time:
     D:3: 1476 daAuts
     D:1: 1114 daAuts
     D:2: 613 daAuts
     D:4: 346 daAuts
